 Dungeon Crawl Stone Soup version 0.30.1-4-g462c640d31 (webtiles) character file.

Game seed: 7978130397679286715

672353 snarfax the Conqueror (level 27, -4/199 HPs)
             Began as a Gargoyle Berserker on Sept 13, 2023.
             Was the Champion of the Shining One.
             Slain by a stone giant (32 damage)
             ... created by the rage of Trog
             ... on level 5 of the Realm of Zot on Sept 14, 2023.
             The game lasted 04:35:02 (82711 turns).

snarfax the Conqueror (Gargoyle Berserker)         Turns: 82711, Time: 04:35:07

Health: -4/199     AC: 64    Str: 29    XL:     27
Magic:  16/34      EV:  9    Int: 10    God:    the Shining One [******]
Gold:   8799       SH: 27    Dex: 11    Spells: 26/26 levels left

rFire   + . .        Y - +6 broad axe (flame)
rCold   + . .        z - +2 tower shield {AC+3}
rNeg    + + +        x - +0 gold dragon scales
rPois   ∞            (no helmet)
rElec   +            l - +4 dragonskin cloak
rCorr   .            q - +2 pair of gloves {infuse}
SInv    .            K - +2 pair of boots
Will    ++...        w - amulet of reflection Stlth
                     e - +4 ring of slaying
HPRegen 0.53/turn    V - +4 ring of slaying
MPRegen 0.24/turn

%: reflection, infuse magic (1 MP)
@: flying, slowed, glowing, very slow
A: sickness immunity, AC +20, big wings, negative energy resistance 1,
electricity resistance, torment resistance 1, petrification resistance, thin
skeletal structure 1, low MP 1, screaming 2, weak 2, noise suppression
}: 4/15 runes: decaying, serpentine, slimy, silver
a: Renounce Religion, Divine Shield, Cleansing Flame, Summon Divine Warrior


You were on level 5 of the Realm of Zot.
You worshipped the Shining One.
The Shining One was exalted by your worship.
You visited 12 branches of the dungeon, and saw 55 of its levels.
You visited the Abyss 1 time.
You also visited: Sewer and Volcano.

You collected 11603 gold pieces.
You spent 2804 gold pieces at shops.

Inventory:

Hand Weapons
 a - a +5 broad axe
 O - a +9 broad axe of holy wrath
 U - the +4 broad axe "Moenk" {freeze, rN+ Stlth+}
   (You bought it in a shop on level 1 of the Snake Pit)

   rN:        It protects you from negative energy.
   Stlth:     It makes you more stealthy.
 Y - a +6 broad axe of flaming (weapon)
Missiles
 i - 35 boomerangs
 j - 4 throwing nets
 p - 16 curare-tipped darts
 t - 107 poisoned darts (quivered)
 T - 5 silver boomerangs
Armour
 l - the +4 dragonskin cloak (worn)
   (You took it off Tiamat on level 2 of the Realm of Zot)

   Avatar's Aegis: It grants the wearer a chance to resist fire, cold, poison,
   electricity, acid, and negative energy.
 q - a +2 pair of gloves of infusion (worn)
 x - +0 gold dragon scales (worn)
 y - a +0 helmet
 z - a +2 tower shield of protection (worn)
 J - the +5 kite shield of the Grey Skies {Str+3}
   (You acquired it on level 3 of the Swamp)

   Str:       It affects your strength (+3).
 K - a +2 pair of boots (worn)
 L - a +7 plate armour
 P - a +2 cloak of fire resistance
Jewellery
 e - a +4 ring of slaying (left hand)
 o - a +6 ring of strength
 w - an amulet of reflection (around neck)
 H - a +6 ring of dexterity
 I - a +4 ring of protection
 Q - the ring of the Eagle {Ice rN+ Will- Str+2}
   (You took it off Josephina on level 4 of the Depths)

   [ring of ice]

   It enhances your ice magic.
   Str:       It affects your strength (+2).
   rF:        It makes you vulnerable to fire.
   rC:        It protects you from cold.
   rN:        It protects you from negative energy.
   Will:      It decreases your willpower.
 R - a ring of protection from cold
 S - a ring of see invisible
 V - a +4 ring of slaying (right hand)
 W - the ring of Wiufessicw {rC+ Will+ Dex+4}
   (You found it on level 5 of the Pits of Slime)

   [ring of protection from cold]

   Dex:       It affects your dexterity (+4).
   rC:        It protects you from cold.
   Will:      It increases your willpower.
 X - a ring of resist corrosion
 Z - a +4 ring of protection
Wands
 u - a wand of quicksilver (32)
 A - a wand of iceblast (55)
 G - a wand of digging (17)
 M - a wand of flame (68)
Scrolls
 c - 13 scrolls of fear
 h - 3 scrolls of blinking
 r - 7 scrolls of teleportation
 v - 9 scrolls of magic mapping
 B - 3 scrolls of silence
 C - 3 scrolls of fog
 E - 2 scrolls of butterflies
 N - 5 scrolls of poison
Potions
 b - 20 potions of curing
 d - 6 potions of resistance
 f - 4 potions of heal wounds
 g - 3 potions of ambrosia
 k - 10 potions of haste
 m - 10 potions of might
 n - a potion of cancellation
 s - 10 potions of mutation
Miscellaneous
 D - a phantom mirror


   Skills:
 O Level 27 Fighting
 + Level 24.7 Axes
 - Level 25.3 Armour
 + Level 4.6 Dodging
 - Level 20.0 Shields
 * Level 22.3 Invocations


You had 26 spell levels left.
You didn't know any spells.
Your spell library contained the following spells:

 Spells                   Type           Power      Damage    Failure   Level
 Beastly Appendage        Tmut           0%         N/A       98%         1
 Summon Small Mammal      Summ           0%         N/A       98%         1
 Scorch                   Fire           0%         2d5       99%         2
 Wereblood                Tmut           0%         N/A       99%         2
 Call Canine Familiar     Summ           0%         N/A       100%        3
 Spider Form              Tmut/Pois      0%         N/A       100%        3
 Summon Guardian Golem    Hex/Summ       0%         N/A       100%        3
 Flame Wave               Conj/Fire      0%         2d4       100%        4
 Petrify                  Tmut/Erth      0%         N/A       100%        4
 Irradiate                Conj/Tmut      0%         3d11      100%        5
 Sublimation of Blood     Necr           Unusable   N/A       N/A         2

Dungeon Overview and Level Annotations

Branches:
Dungeon (15/15)            Temple (1/1) D:7            Lair (5/5) D:11
  Swamp (4/4) Lair:3        Snake (4/4) Lair:3        Slime (5/5) Lair:5
    Orc (2/2) D:9             Elf (2/3) Orc:2        Vaults (5/5) D:13
  Crypt (3/3) Vaults:3       Tomb (0/3) Crypt:3      Depths (4/4) D:15
    Zot (5/5) Depths:4      Sewer (visited)         Volcano (visited)

Altars:
Cheibriados
Dithmenos
Elyvilon
Fedhas
Gozag
Hepliaklqana
Kikubaaqudgha
Okawaru
Qazlal
Ru
Sif Muna
Trog
Uskayaw
Vehumet
Wu Jian
Zin
The Shining One
Jiyva

Shops:
D:8 [*(?   Orc:2 ![**   Elf:1 [=*   Snake:1 (!   Vaults:1 [?((=   Vaults:3 :
Vaults:5 ![!!!   Depths:1 [

Portals:
Hell: Depths:1 Depths:2 Depths:3 Depths:4
Abyss: Depths:3 Depths:4
Pandemonium: Depths:2
Ziggurat: Depths:3
Trove: D:14 (show abyssal rune of Zot)

Annotations:
D:8 2 runed translucent doors
D:11 2 transporters, ShellytheWitch's ghost, journeyman MiBe
D:12 Nessos
D:13 2 transporters, Radiant's ghost, journeyman DgCj
Lair:2 2 transporters, Zeor's ghost, journeyman DsGl
Elf:1 3 runed translucent doors, exclusion: obsidian statue, wjchen's ghost, adept MiFi
Depths:4 6 runed translucent doors


Innate Abilities, Weirdness & Mutations

You are immune to sickness and miasma.
Your stone body is resilient. (AC +20)
You are immune to poison.
Your large and strong wings let you fly.
You resist negative energy. (rN+)
You are resistant to electric shocks. (rElec)
You are resistant to unholy torment.
You are immune to petrification.
You have a somewhat thin skeletal structure. (Dex +2, Stealth+)
Your magical capacity is low. (-10% MP)
You frequently scream uncontrollably at your foes.
You are very weak. (Str -4)
You passively dampen the noise of your surroundings.


Message History

The stone giant hits you!
You hit the stone giant. You burn the stone giant.
The stone giant is heavily wounded.
You chop the stone giant into pieces!!! You burn the stone giant!
You slash the stone giant! You burn the stone giant. You slash the cyclops!
You burn the cyclops. You block the stone giant's attack. x2
The stone giant hits you!! The cyclops hits you!
The stone giant hits you but does no damage.
The stone giant hits you!! x2
You are too injured to fight recklessly!
Unknown command.
You are too injured to fight recklessly!
Unknown command.
You are too injured to fight recklessly!
Unknown command.
You are too injured to fight recklessly!
You are too injured to fight recklessly!
Unknown command.
You are too injured to fight recklessly!
Unknown command.
You are too injured to fight recklessly!
Unknown command.
You carve the stone giant like a ham!!! You burn the stone giant!
The stone giant is almost dead.
You slash the stone giant! You burn the stone giant. You slash the stone giant!
You burn the stone giant. You slice the cyclops!! You burn the cyclops.
You block the cyclops's attack. The stone giant hits you. x2
You block the stone giant's attack. You block the cyclops's attack.
You block the stone giant's attack. The stone giant hits you!
* * * LOW HITPOINT WARNING * * *
The stone giant hits you!
* * * LOW HITPOINT WARNING * * *
Unknown command.
You feel much better. You block the stone giant's attack.
The stone giant hits you but does no damage.
You block the stone giant's attack. You block the cyclops's attack.
The stone giant hits you!!
* * * LOW HITPOINT WARNING * * *
The stone giant hits you!!
You die...

,,,* ▓▓▓▓▓▓▓▓▓ ▓......^..........
.,,*▓▓^......▓▓▓.................
..,▓▓....^....▓▓........†....../.
...▓...........▓.................
*........0..................^....
^,,▓†..........▓.................
,,,▓▓.^.......▓▓............^....
,,,*▓▓.......▓▓▓CC..^............
,,,* ▓▓▓▓▓▓▓▓▓ #@CO..............
,,** ##C............... ***
##▓.............^ *
▓▓▓▓...^....... **
#▓▓▓▓▓▓▓▓▓▓▓##[. .##*
###...)).......)). ...#*
##....##...........
#...###########...###........)...
*#..^............###.............


You could see 3 stone giants, a two-headed ogre (berserk) and a cyclops
(berserk).

Vanquished Creatures
  3 dread liches (Vaults:5)
  5 orbs of fire
  2 ancient liches (Zot:5)
  Mennas (Vaults:4)
  A royal mummy (Crypt:3)
  Josephina (Depths:4)
  2 Killer Klowns (Zot:5)
  Frederick (Vaults:5)
  Margery (Crypt:1)
  Saint Roka (Vaults:1)
  6 caustic shrikes
  Nikola (Elf:1)
  13 golden dragons
  Jory (Crypt:2)
  A bone dragon (Depths:4)
  3 doom hounds (Zot:2)
  24 tentacled monstrosities
  5 electric golems
  Zenata (Vaults:1)
  4 liches
  A walking crystal tome (Depths:4)
  22 Orb Guardians (Zot:5)
  The ghost of Eli the Spry, an adept TeCj of Vehumet (Snake:4)
  7 quicksilver dragons
  A walking divine tome (Depths:3)
  Grunn (Zot:2)
  A deep elf blademaster (Elf:2)
  18 acid blobs
  Frances (Snake:2)
  7 sphinxes
  The ghost of frimble the Victor of a Thousand Battles, an adept DsGl of Okawaru (Depths:3)
  7 ancient champions
  3 thorn hunters
  A tentacled starspawn (Abyss:3)
  17 shadow dragons
  10 death cobs
  8 tengu reavers (Vaults:5)
  Kirke (Snake:2)
  21 storm dragons
  7 azure jellies
  10 rockslimes
  The ghost of nalyd1 the Warrior, a journeyman MiFi of Ashenzari (Swamp:4)
  5 nagarajas
  13 fire giants
  A deep elf sorcerer (Elf:2)
  The ghost of Celicwep the Black Belt, an adept OpTm of Okawaru (Snake:1)
  6 draconian knights
  8 draconian monks
  11 frost giants
  2 draconian stormcallers (Zot:2)
  8 draconian scorchers
  Aizul (Snake:2)
  16 vault wardens
  An iron dragon (Vaults:5)
  3 ghost moths
  3 curse skulls
  3 draconian shifters
  3 orc warlords
  21 ironbound preservers
  A reaper (Crypt:3)
  4 ghouls (Crypt:3)
  10 quicksilver oozes
  9 draconian annihilators
  2 spriggan defenders (Depths:2)
  10 ironbound thunderhulks
  3 war gargoyles
  35 stone giants
  9 black draconians
  11 green draconians
  2 deep elf demonologists (Vaults:5)
  20 very ugly things
  4 bunyips
  A deep elf annihilator (Vaults:5)
  The ghost of turdburglar the Slicer, a journeyman DsGl of Sif Muna (Lair:5)
  13 dire elephants
  3 eleionomae
  8 vampire knights
  21 white draconians
  13 yellow draconians
  4 spark wasps
  11 red draconians
  17 purple draconians
  4 deep elf death magi
  3 eidola
  13 fire dragons
  3 crystal guardians
  18 ettins
  11 yaktaur captains
  14 jiangshi
  2 entropy weavers
  6 mummy priests (Crypt:3)
  14 great orbs of eyes
  2 shambling mangroves
  9 deep elf high priests
  Erolcha (D:9)
  28 vault guards
  9 ice dragons
  An elf skeleton (Crypt:3)
  2 rakshasas
  7 ogre magi
  A hydra (shapeshifter) (Vaults:5)
  26 hydras
  A caustic shrike simulacrum (Depths:4)
  4 salamander tyrants
  3 catoblepae (Lair:5)
  10 anacondas
  7 spriggan air magi
  4 ghost crabs
  7 boulder beetles
  4 peacekeepers
  10 ironbound frosthearts
  2 death knights
  16 naga warriors
  9 alligators
  8 centaur warriors
  15 deep troll earth magi
  A hell hog (Volcano)
  4 vampire magi
  20 two-headed ogres
  30 death yaks
  12 deep troll shamans
  3 tengu warriors
  A titan zombie (D:15)
  An orc high priest (Orc:1)
  2 thrashing horrors (Abyss:3)
  Urug (Lair:4)
  24 dancing weapons
  4 spriggan berserkers
  12 naga sharpshooters
  7 shock serpents
  A titan skeleton (Abyss:3)
  A fire crab (Volcano)
  13 deep elf knights
  15 iron trolls
  A wretched star (Abyss:3)
  13 skeletal warriors
  26 hell knights
  8 salamander mystics
  A death drake (Swamp:4)
  8 goliath frogs
  2 shadow wraiths
  A bunyip zombie (Crypt:1)
  4 spriggan druids
  A spriggan simulacrum (Depths:4)
  64 deep trolls
  4 naga ritualists
  8 wizards
  5 flayed ghosts
  10 swamp dragons
  4 deep elf archers
  A glowing orange brain (Depths:3)
  An anaconda zombie (Abyss:2)
  3 bog bodies
  A large abomination (Abyss:3)
  2 fenstrider witch simulacra (Swamp:2)
  A shadow dragon zombie (D:15)
  A goliath frog zombie (Crypt:1)
  9 phantasmal warriors
  5 harpies (Vaults:2)
  18 ironbound convokers
  15 orc knights
  23 deep elf pyromancers
  A frost giant zombie (D:15)
  4 orc sorcerers
  18 deep elf zephyrmancers
  11 lindwurms
  13 mana vipers
  4 shining eyes
  8 necromancers
  19 cyclopes
  2 shadow dragon skeletons (Crypt:2)
  5 manticores
  2 wolf spiders
  2 spectral spriggans (Swamp:2)
  33 ugly things
  2 will-o-the-wisps
  A worldbinder (Abyss:3)
  A jorogumo skeleton (Crypt:3)
  13 salamanders
  17 vault sentinels
  15 naga magi
  Joseph (D:10)
  32 black mambas
  An apocalypse crab (Abyss:3)
  5 elephants (Lair:1)
  2 water nymphs (shapeshifter) (Vaults:5)
  A titan simulacrum (Depths:4)
  9 cane toads
  28 moths of wrath
  5 torpor snails
  10 guardian serpents
  A centaur skeleton (Crypt:3)
  2 smoke demons (Abyss:3)
  A stone giant skeleton (Crypt:3)
  A gargoyle (D:12)
  3 eyes of devastation
  A red draconian zombie (Crypt:2)
  5 rime drakes
  A freezing wraith (Crypt:1)
  3 kobold demonologists
  Psyche (D:9)
  28 yaktaurs
  A purple draconian zombie (Crypt:2)
  11 komodo dragons
  A tengu conjurer (Depths:3)
  A tormentor (Zot:2)
  27 guardian mummies
  A golden dragon simulacrum (Depths:4)
  An efreet (D:15)
  9 trolls
  An ancient zyme (Abyss:3)
  A spectral death drake (Swamp:2)
  4 spectral deep trolls (Crypt:1)
  2 hydra zombies (Crypt:3)
  A queen bee (shapeshifter) (D:14)
  A harpy zombie (Crypt:3)
  9 tyrant leeches
  A mana viper skeleton (Crypt:2)
  A radroach zombie (Crypt:3)
  A sphinx simulacrum (Depths:4)
  A bloated husk (Swamp:1)
  16 hornets
  8 polar bears
  14 blink frogs
  A hydra skeleton (Crypt:2)
  A dream sheep (shapeshifter) (Vaults:4)
  7 dream sheep (Lair:5)
  Prince Ribbit (D:8)
  A jumping spider (Vaults:3)
  A snapping turtle (shapeshifter) (Vaults:5)
  66 slime creatures
  A dire elephant simulacrum (Crypt:2)
  3 wyverns (Lair:2)
  A ynoxinul (Abyss:3)
  A culicivora (Vaults:3)
  4 air elementals
  4 water elementals
  6 wraiths
  16 flying skulls
  13 spriggans
  A hog (shapeshifter) (Depths:2)
  A fire elemental (Elf:2)
  7 basilisks
  15 humans
  36 yaks
  9 ushabtiu (Crypt:3)
  11 golden eyes (Slime:1)
  5 hogs (Snake:2)
  2 fire bats (Volcano)
  A steam dragon (Volcano)
  2 chaos spawn
  4 redbacks
  A neqoxec (Depths:2)
  14 swamp worms
  7 vampire mosquitoes
  57 nagas
  5 wargs
  3 death drake simulacra (Swamp:2)
  13 water moccasins
  A swamp worm (shapeshifter) (Vaults:2)
  An entropy weaver zombie (Crypt:3)
  2 hell hounds (Volcano)
  An acid dragon (D:9)
  25 orc warriors
  A glowing shapeshifter skeleton (D:15)
  A swamp drake (Swamp:4)
  8 black bears
  2 floating eyes
  A meliai simulacrum (D:11)
  3 ice beasts
  2 sky beasts
  A cane toad skeleton (Crypt:1)
  6 centaurs
  43 ogres
  13 wolves
  A hog zombie (Crypt:3)
  An elephant skeleton (Crypt:2)
  A torpor snail zombie (Crypt:3)
  2 phantoms
  4 small abominations (Abyss:3)
  12 kobold brigands
  14 bullfrogs
  4 gnoll sergeants
  3 scorpions
  A wyvern zombie (Crypt:1)
  A yak zombie (Crypt:3)
  8 wights (D:8)
  A cyclops skeleton (Crypt:2)
  4 killer bees (D:9)
  A troll skeleton (Crypt:1)
  5 electric eels
  2 howler monkeys (D:12)
  2 spriggan skeletons
  4 hounds
  18 jellies
  Crazy Yiuf (D:6)
  15 orc priests
  A gnoll bouda (D:9)
  13 iguanas
  39 orc wizards
  A naga skeleton (Crypt:1)
  12 mummies (Crypt:3)
  8 adders
  14 gnolls
  2 river rats (Sewer)
  A swamp drake skeleton (Crypt:1)
  A shadow imp (D:8)
  A white imp (D:6)
  3 ufetubi
  A jelly zombie (Crypt:2)
  4 worms
  6 dart slugs
  61 orcs
  14 ball pythons
  9 endoplasms
  5 giant cockroaches
  11 goblins
  9 hobgoblins
  10 jackals
  A quokka (D:4)
  7 bats
  A dart slug zombie (Crypt:2)
  7 frilled lizards (Sewer)
  A jackal skeleton (Crypt:2)
  32 kobolds
  A kobold skeleton (Crypt:3)
  8 rats
  A rat skeleton (Crypt:3)
  A river rat skeleton (Crypt:2)
  3 spectral weapons
  3 starspawn tentacles (Abyss:3)
2462 creatures vanquished.

Vanquished Creatures (collateral kills)
  the Royal Jelly (Slime:5)
  Tiamat (Zot:2)
  Mara (Vaults:2)
  Vashnia (Snake:4)
  Jorgrun (D:14)
  Rupert (D:13)
  A fenstrider witch (Swamp:1)
  The ghost of monsoonserge the Severer, a journeyman MiBe of Trog (Swamp:2)
  An ironbound preserver (Vaults:2)
  A draconian stormcaller (Zot:2)
  A quicksilver ooze (Slime:5)
  A stone giant (Vaults:5)
  A black draconian (Zot:2)
  A white draconian (Zot:2)
  An entropy weaver (Vaults:2)
  A salamander tyrant (Snake:4)
  A naga warrior (Snake:4)
  11 death yaks
  3 deep trolls (Vaults:2)
  A goliath frog (Swamp:3)
  A fenstrider witch simulacrum (Swamp:2)
  A cyclops (D:14)
  4 yaktaurs (Vaults:2)
  4 yaks (Lair:5)
  A human (D:13)
  An acid dragon (D:13)
  A floating eye (Depths:1)
45 creatures vanquished.

Vanquished Creatures (others)
  A tentacled monstrosity (Zot:2)
  A war gargoyle (Vaults:5)
  A naga warrior (Snake:4)
  A swamp dragon (Swamp:4)
  A deep elf zephyrmancer (Elf:2)
  A bloated husk (Swamp:1)
  A human (Snake:2)
  A swamp worm (Swamp:1)
  2 swamp drakes
  An ogre (Vaults:5)
  2 electric eels (Elf:1)
  An orc wizard (D:6)
  8 foxfires
  2 spectral weapons
  A starspawn tentacle (Abyss:3)
25 creatures vanquished.

Grand Total: 2532 creatures vanquished

Notes
Turn   | Place    | Note
-------+----------+-------------------------------------------
     0 | D:1      | snarfax the Gargoyle Berserker began the quest for the Orb.
     0 | D:1      | Reached XP level 1. HP: 14/14 MP: 1/1
   196 | D:1      | Reached XP level 2. HP: 19/19 MP: 2/2
   630 | D:1      | Reached XP level 3. HP: 19/23 MP: 3/3
   631 | D:1      | Reached ** piety under Trog
  1214 | D:2      | Reached XP level 4. HP: 26/28 MP: 4/4
  1803 | D:3      | Found a bloodstained altar of Trog.
  1841 | D:3      | Identified the +7 spear "Newtslayer" {drain, rElec rCorr
                  | Str+2}
  1854 | D:3      | Reached *** piety under Trog
  1857 | D:3      | Found a glowing drain.
  1872 | Sewer    | Entered a sewer
  1894 | Sewer    | Noticed a kobold brigand
  1906 | Sewer    | Killed a kobold brigand
  1907 | Sewer    | Reached skill level 5 in Axes
  1907 | Sewer    | Reached XP level 5. HP: 32/32 MP: 5/5
  1918 | Sewer    | Noticed a kobold brigand
  1927 | Sewer    | Killed a kobold brigand
  1928 | Sewer    | Reached XP level 6. HP: 34/37 MP: 6/6
  2535 | D:3      | Reached XP level 7. HP: 40/41 MP: 7/7
  2540 | D:3      | Reached **** piety under Trog
  3133 | D:4      | Reached XP level 8. HP: 46/46 MP: 8/8
  3721 | D:5      | Entered Level 5 of the Dungeon
  3797 | D:5      | Reached skill level 4 in Fighting
  3962 | D:5      | Reached skill level 5 in Fighting
  4233 | D:5      | Found a hazy altar of Hepliaklqana.
  4575 | D:6      | Reached XP level 9. HP: 43/55 MP: 9/9
  4662 | D:6      | Reached skill level 10 in Axes
  4697 | D:6      | Reached skill level 6 in Fighting
  4708 | D:6      | Reached ***** piety under Trog
  5349 | D:6      | Found a runed translucent door.
  5350 | D:6      | Noticed Crazy Yiuf
  5356 | D:6      | Killed Crazy Yiuf
  5388 | D:7      | Found a radiant altar of Vehumet.
  5404 | D:7      | Found a shadowy altar of Dithmenos.
  5541 | D:7      | Reached skill level 7 in Fighting
  5897 | D:7      | Found a staircase to the Ecumenical Temple.
  5903 | Temple   | Entered the Ecumenical Temple
  5983 | D:7      | Reached skill level 8 in Fighting
  5999 | D:7      | Reached XP level 10. HP: 43/65 MP: 10/10
  6317 | D:7      | Identified the +1 ring mail of the Quahog {Str+2 Dex+3}
  6422 | D:8      | Found an ornate altar of the Wu Jian Council.
  6468 | D:8      | Found Aleuploth's Magic Scroll Boutique.
  6564 | D:8      | Noticed Prince Ribbit
  6574 | D:8      | Killed Prince Ribbit
  6575 | D:8      | Reached skill level 9 in Fighting
  6706 | D:8      | Found Hutich's Antique Armour Emporium.
  6838 | D:8      | Found Ozocwyng's Weapon Shop.
  6847 | D:8      | Found a snail-covered altar of Cheibriados.
  6984 | D:8      | Found a large runed translucent door.
  6984 | D:8      | Found a large runed translucent door.
  7028 | D:8      | Noticed a boulder beetle
  7058 | D:8      | Killed a boulder beetle
  7231 | D:8      | Found a large runed translucent door.
  7233 | D:8      | Found a large runed translucent door.
  7261 | D:8      | Noticed a two-headed ogre
  7280 | D:8      | Killed a two-headed ogre
  7302 | D:8      | Reached skill level 10 in Fighting
  7545 | D:8      | Found Toshim's General Store.
  7552 | D:8      | Found a shimmering blue altar of Sif Muna.
  7733 | D:8      | Reached XP level 11. HP: 59/72 MP: 11/11
  7817 | D:9      | Noticed Erolcha
  8018 | D:9      | Killed Erolcha
  8103 | D:9      | Identified the +1 scale mail of Pride {Fly rElec rPois
                  | Int-4}
  8121 | D:9      | Received a gift from Trog
  8559 | D:9      | Reached skill level 1 in Shields
  8745 | D:9      | Found a staircase to the Orcish Mines.
  8951 | D:9      | Noticed Psyche
  8957 | D:9      | Killed Psyche
  9082 | D:9      | Found an ancient bone altar of Kikubaaqudgha.
  9480 | D:10     | Entered Level 10 of the Dungeon
  9536 | D:10     | Reached skill level 11 in Fighting
  9617 | D:10     | Noticed Joseph
  9635 | D:10     | Killed Joseph
 10181 | D:10     | Noticed a cyclops
 10190 | D:10     | Killed a cyclops
 10329 | D:10     | Received a gift from Trog
 10498 | D:10     | Identified the +12 long sword of Dissent {heavy, rElec rN+}
 10802 | D:11     | Noticed a death yak
 10802 | D:11     | Noticed a death yak
 10806 | D:11     | Noticed a death yak
 10819 | D:10     | Killed a death yak
 10820 | D:10     | Reached XP level 12. HP: 49/80 MP: 1/12
 10822 | D:10     | Killed a death yak
 10956 | D:11     | Noticed a death yak
 10968 | D:10     | Killed a death yak
 11035 | D:11     | Noticed a death yak
 11036 | D:11     | Noticed a death yak
 11042 | D:10     | Killed a death yak
 11088 | D:10     | Killed a death yak
 11089 | D:10     | Reached skill level 5 in Armour
 11090 | D:11     | Noticed a death yak
 11090 | D:11     | Noticed a death yak
 11093 | D:11     | Noticed a death yak
 11099 | D:10     | Killed a death yak
 11158 | D:10     | Killed a death yak
 11161 | D:10     | Killed a death yak
 11162 | D:10     | Reached skill level 5 in Shields
 11178 | D:11     | Killed a death yak
 11179 | D:11     | Found a staircase to the Lair.
 11333 | D:11     | Found a bloodstained altar of Trog.
 11333 | D:11     | Noticed a tengu warrior
 11333 | D:11     | Noticed ShellytheWitch's ghost (journeyman MiBe)
 11341 | D:11     | Noticed a boulder beetle
 11349 | D:11     | Killed a boulder beetle
 11350 | D:11     | Reached skill level 12 in Fighting
 11350 | D:11     | Reached skill level 15 in Axes
 11544 | D:11     | Identified the amulet "Pizxewka" {Acrobat Harm Int+3 Dex+3
                  | Slay+2}
 11580 | D:11     | Found a transporter.
 11669 | D:11     | Found a transporter.
 11964 | D:11     | Noticed a boulder beetle
 11984 | D:11     | Killed a boulder beetle
 12253 | D:11     | Identified the +7 halberd "Qepuzxypu" {venom, Str+3}
 12350 | D:11     | Noticed a tengu warrior
 12364 | D:11     | Killed a tengu warrior
 13216 | D:12     | Noticed a two-headed ogre
 13220 | D:12     | Noticed a two-headed ogre
 13228 | D:12     | Reached XP level 13. HP: 52/87 MP: 3/13
 13637 | D:13     | Found a gate to the Vaults.
 13639 | D:13     | Noticed Nessos
 13673 | D:13     | Noticed Rupert
 13690 | D:12     | Reached skill level 13 in Fighting
 13954 | D:12     | HP: 4/88 [Nessos/arrow (3)]
 14319 | D:13     | Killed Rupert
 14676 | D:13     | Identified the +2 flail of Compound Interest {protect,
                  | Will+}
 14924 | D:13     | Found a transporter.
 14932 | D:13     | Found a transporter.
 14936 | D:13     | Noticed Radiant's ghost (journeyman DgCj)
 15236 | Lair:1   | Entered Level 1 of the Lair of Beasts
 15273 | Lair:1   | Received a gift from Trog
 15294 | Lair:1   | Found a dark tunnel.
 15297 | Volcano  | Entered a volcano
 15568 | Volcano  | Gained mutation: Your large and strong wings let you fly.
                  | [Gargoyle growth]
 15568 | Volcano  | Reached XP level 14. HP: 91/95 MP: 11/14
 16017 | Lair:1   | Reached skill level 14 in Fighting
 16881 | Lair:2   | Identified the +4 arbalest of Meager Forgiveness {speed,
                  | rN+ SInv}
 16887 | Lair:2   | Found a transporter.
 16915 | Lair:2   | Noticed Zeor's ghost (journeyman DsGl)
 16957 | Lair:2   | Identified the ring "Ytihuef" {*Slow Int+6 SInv Stlth+}
 17072 | Lair:2   | Reached ****** piety under Trog
 17179 | Lair:2   | Reached skill level 10 in Armour
 17416 | Lair:2   | Found a transporter.
 17975 | Lair:3   | Found a staircase to the Snake Pit.
 18197 | Lair:3   | Received a gift from Trog
 18328 | Lair:3   | Found a staircase to the Swamp.
 19015 | Lair:4   | Noticed Urug
 19030 | Lair:4   | Killed Urug
 19172 | Lair:4   | Reached skill level 15 in Fighting
 19284 | Lair:4   | Reached XP level 15. HP: 103/103 MP: 12/15
 19832 | Lair:5   | Entered Level 5 of the Lair of Beasts
 20332 | Lair:5   | Found a staircase to the Slime Pits.
 20546 | Lair:5   | Reached skill level 16 in Fighting
 20550 | Lair:5   | HP: 5/104 [death yak (7)]
 20721 | Lair:5   | Found a runed translucent door.
 20722 | Lair:5   | Noticed turdburglar's ghost (journeyman DsGl)
 20741 | Lair:5   | Killed turdburglar's ghost
 20743 | Lair:5   | Identified the +8 chain mail of Eneujeuru {rPois Str+5
                  | Dex-5 SInv}
 20993 | Lair:5   | Received a gift from Trog
 22008 | Swamp:1  | Entered Level 1 of the Swamp
 22072 | Swamp:1  | Reached skill level 17 in Fighting
 22085 | Swamp:1  | Reached XP level 16. HP: 20/112 MP: 0/16
 22091 | Swamp:1  | Noticed a fenstrider witch
 22101 | Swamp:1  | Killed a fenstrider witch
 23684 | Swamp:2  | Identified the +0 cloak "Jijasch" {Rampage rC+ Will+ Int+3}
 23791 | Swamp:2  | Found a runed translucent gate.
 23791 | Swamp:2  | Found a runed translucent gate.
 23791 | Swamp:2  | Found a runed translucent gate.
 23792 | Swamp:2  | Noticed monsoonserge's ghost (journeyman MiBe)
 23826 | Swamp:2  | Killed monsoonserge's ghost
 24156 | Swamp:2  | Reached skill level 18 in Fighting
 24156 | Swamp:2  | Reached skill level 15 in Armour
 24288 | Swamp:2  | Identified the +1 war axe of Cunn {heavy, Dex+2} (Trog
                  | gifted it to you on level 2 of the Swamp)
 24288 | Swamp:2  | Received a gift from Trog
 25493 | Swamp:3  | Noticed a thorn hunter
 25501 | Swamp:3  | Killed a thorn hunter
 25570 | Swamp:3  | Identified a scroll of acquirement
 25570 | Swamp:3  | Acquired the +5 kite shield of the Grey Skies {Str+3}
 25697 | Swamp:3  | Noticed a tentacled monstrosity
 25708 | Swamp:3  | Killed a tentacled monstrosity
 25883 | Swamp:4  | Entered Level 4 of the Swamp
 26186 | Swamp:4  | Reached XP level 17. HP: 105/120 MP: 6/17
 26297 | Swamp:4  | Reached skill level 19 in Fighting
 26483 | Swamp:4  | Identified the +0 ring mail of Dobbuc {Harm rPois rC+ SInv}
 26600 | Swamp:4  | Found a runed translucent door.
 26652 | Swamp:4  | Noticed nalyd1's ghost (journeyman MiFi)
 26675 | Swamp:4  | Killed nalyd1's ghost
 26681 | Swamp:4  | Identified the ring of Qemu {rPois rF+ Dex+5}
 26963 | Swamp:4  | Got a decaying rune of Zot
 27548 | Snake:1  | Entered Level 1 of the Snake Pit
 27651 | Snake:1  | Found Ifelub's Distillery.
 28329 | Snake:1  | Found a runed translucent door.
 28331 | Snake:1  | Noticed Celicwep's ghost (adept OpTm)
 28347 | Snake:1  | Killed Celicwep's ghost
 28485 | Snake:1  | Found Ickaolaf's Antique Weapon Shop.
 28497 | Snake:1  | Bought a steaming broad axe for 279 gold pieces
 28497 | Snake:1  | Identified the +4 broad axe "Moenk" {freeze, rN+ Stlth+}
                  | (You bought it in a shop on level 1 of the Snake Pit)
 28517 | Snake:1  | Received a gift from Trog
 28874 | Snake:2  | Noticed Aizul
 28892 | Snake:2  | Killed Aizul
 29208 | Snake:2  | Noticed Frances
 29220 | Snake:2  | Killed Frances
 29276 | Snake:2  | Noticed Kirke
 29281 | Snake:2  | Killed Kirke
 29444 | Snake:2  | Reached skill level 20 in Fighting
 29648 | Snake:2  | Identified the +6 scale mail of Optimism {rElec Regen+
                  | Int-3}
 29939 | Snake:2  | Reached XP level 18. HP: 123/129 MP: 14/18
 30793 | Snake:3  | Received a gift from Trog
 31640 | Snake:4  | Entered Level 4 of the Snake Pit
 31704 | Snake:4  | Noticed Eli's ghost (adept TeCj)
 32397 | Snake:4  | Received a gift from Trog
 32495 | Snake:4  | Found a runed translucent door.
 32540 | Snake:4  | Killed Eli's ghost
 33207 | Snake:4  | Reached skill level 21 in Fighting
 33522 | Snake:4  | Noticed Vashnia
 33554 | Snake:4  | Killed Vashnia
 33555 | Snake:4  | Reached XP level 19. HP: 42/137 MP: 19/19
 33805 | Snake:4  | Got a serpentine rune of Zot
 34007 | Vaults:1 | Entered Level 1 of the Vaults
 34109 | Orc:1    | Entered Level 1 of the Orcish Mines
 34215 | Orc:1    | Received a gift from Trog
 34350 | Orc:1    | You are sucked into a shaft and drop 1 floor!
 34350 | Orc:2    | Entered Level 2 of the Orcish Mines
 34362 | Orc:2    | Found a staircase to the Elven Halls.
 35301 | Orc:2    | Found Dovicink's General Store.
 35301 | Orc:2    | Found Keanaes's Armour Shoppe.
 35302 | Orc:2    | Found Hylenam's Assorted Antiques.
 35302 | Orc:2    | Found Tuell's Distillery.
 35311 | Orc:2    | Bought 2 potions of heal wounds for 150 gold pieces
 35719 | Elf:1    | Entered Level 1 of the Elven Halls
 35728 | Elf:1    | Noticed Nikola
 35740 | Elf:1    | Killed Nikola
 35759 | Elf:1    | Received a gift from Trog
 35851 | Elf:1    | Found a runed translucent gate.
 35851 | Elf:1    | Found a runed translucent gate.
 35851 | Elf:1    | Found an opulent altar of Gozag.
 35851 | Elf:1    | Found a runed translucent gate.
 35851 | Elf:1    | Noticed wjchen's ghost (adept MiFi)
 35853 | Elf:1    | Found Seamp's Assorted Antiques.
 36014 | Elf:1    | Paralysed by an air elemental for 1 turns
 36380 | Elf:1    | Found Fier's Antique Armour Emporium.
 36462 | Elf:1    | Found Sioga's Jewellery Shoppe.
 37191 | D:14     | Found a portal to a secret trove of treasure.
 37191 | D:14     | Noticed Jorgrun
 37204 | D:14     | Killed Jorgrun
 37753 | D:14     | Received a gift from Trog
 37959 | D:15     | Entered Level 15 of the Dungeon
 38366 | D:15     | Found a staircase to the Depths.
 39249 | Vaults:1 | Found Daofuda's Magic Scroll Emporium.
 39372 | Vaults:1 | Noticed Saint Roka
 39402 | Vaults:1 | Noticed Zenata
 39418 | Vaults:1 | Killed Saint Roka
 39427 | Vaults:1 | Killed Zenata
 39458 | Vaults:1 | Reached XP level 20. HP: 60/145 MP: 1/20
 39477 | Vaults:1 | Received a gift from Trog
 40132 | Vaults:1 | Found a transporter.
 40134 | Vaults:1 | Found Waerast's Antique Weapon Boutique.
 40136 | Vaults:1 | Found a transporter.
 40212 | Vaults:1 | Identified the ring of the Fiend {Int+5 SInv Stlth+}
 40255 | Vaults:1 | Reached skill level 22 in Fighting
 40441 | Vaults:1 | Reached XP level 21. HP: 151/151 MP: 21/21
 40463 | Vaults:1 | Found Lismut's Jewellery Boutique.
 41084 | Vaults:1 | Found Keovic's Antique Weapon Emporium.
 41232 | Vaults:1 | Found Ziossam's Antique Armour Shoppe.
 41237 | Vaults:1 | Bought a glowing tower shield for 315 gold pieces
 41567 | Elf:1    | Bought an amulet of reflection for 540 gold pieces
 42132 | Elf:2    | Paralysed by an air elemental for 1 turns
 42158 | Elf:2    | Received a gift from Trog
 42387 | Elf:2    | Found a runed translucent gate.
 42387 | Elf:2    | Found a runed translucent gate.
 42387 | Elf:2    | Found a runed translucent gate.
 43203 | Elf:2    | Received a gift from Trog
 44825 | Vaults:2 | Received a gift from Trog
 44931 | Vaults:2 | Reached XP level 22. HP: 146/158 MP: 1/22
 46222 | Vaults:2 | Noticed Mara
 46244 | Vaults:2 | Killed Mara
 46553 | Vaults:3 | Reached skill level 23 in Fighting
 46724 | Vaults:3 | Identified the +5 executioner's axe of Luitussy {flame,
                  | rN++ Will- Dex+5}
 46992 | Vaults:3 | Received a gift from Trog
 47711 | Vaults:3 | Found Duwnoh's Book Boutique.
 48333 | Vaults:3 | Received a gift from Trog
 48646 | Vaults:3 | Found a staircase to the Crypt.
 49166 | Vaults:4 | Reached XP level 23. HP: 165/165 MP: 2/23
 50035 | Vaults:4 | Received a gift from Trog
 50092 | Vaults:4 | Noticed Mennas
 50127 | Vaults:4 | Killed Mennas
 50440 | Abyss:2  | Cast into level 2 of the Abyss (a wizard)
 50497 | Abyss:3  | Found a corrupted altar of Lugonu.
 50654 | Abyss:3  | Found a corrupted altar of Lugonu.
 50659 | Abyss:3  | Found a corrupted altar of Lugonu.
 50659 | Abyss:3  | Found a corrupted altar of Lugonu.
 50714 | Vaults:4 | Escaped the Abyss
 51292 | Depths:1 | Entered Level 1 of the Depths
 51298 | Depths:1 | Reached skill level 15 in Shields
 51419 | Depths:1 | Found a blossoming altar of Fedhas.
 51482 | Depths:1 | Paralysed by a floating eye for 2 turns
 51489 | Depths:1 | Paralysed by a floating eye for 4 turns
 51921 | Depths:1 | Received a gift from Trog
 51952 | Depths:1 | Reached skill level 24 in Fighting
 52477 | Depths:1 | Acquired 784 gold pieces
 52489 | Depths:1 | Found Liarchol's Armour Shoppe.
 52527 | Depths:1 | Found a gateway to Hell.
 53132 | Depths:2 | Identified the +3 dagger of the Skies Above {heavy, rF+}
 53680 | Depths:2 | Received a gift from Trog
 53828 | Depths:2 | Found a shimmering blue altar of Sif Muna.
 53874 | Depths:2 | Identified the +0 war axe "Gargoyle's Regret" {antimagic,
                  | Will- Str+3}
 53925 | Depths:2 | Paralysed by a floating eye for 4 turns
 54360 | Depths:2 | Reached XP level 24. HP: 123/174 MP: 19/23
 54574 | Depths:2 | Found a one-way gate leading to the halls of Pandemonium.
 54986 | Depths:3 | Found a large runed translucent door.
 54987 | Depths:3 | Found a large runed translucent door.
 54988 | Depths:3 | Noticed frimble's ghost (adept DsGl)
 55420 | Depths:3 | Found a one-way gateway to a ziggurat.
 55558 | Depths:3 | Received a gift from Trog
 55907 | Depths:3 | Identified the +0 pair of gloves "Plog" {Fly rPois rN+
                  | Stlth-}
 55920 | Depths:3 | Found a one-way gate to the infinite horrors of the Abyss.
 56693 | Depths:3 | Noticed a caustic shrike
 56710 | Depths:3 | Killed a caustic shrike
 56885 | Depths:3 | Found a snail-covered altar of Cheibriados.
 57405 | Depths:3 | Killed frimble's ghost
 57473 | Depths:4 | Entered Level 4 of the Depths
 57763 | Depths:4 | Reached skill level 25 in Fighting
 57999 | Depths:4 | Found a stormy altar of Qazlal.
 58159 | Depths:4 | Noticed a caustic shrike
 58159 | Depths:4 | Noticed a caustic shrike
 58160 | Depths:4 | Noticed a caustic shrike
 58161 | Depths:4 | Noticed a caustic shrike
 58164 | Depths:4 | Noticed a caustic shrike
 58470 | Depths:4 | Paralysed by a floating eye for 4 turns
 58496 | Depths:4 | Killed a caustic shrike
 58499 | Depths:4 | Killed a caustic shrike
 58506 | Depths:4 | Paralysed by a floating eye for 3 turns
 58510 | Depths:4 | Killed a caustic shrike
 58515 | Depths:4 | Paralysed by a floating eye for 2 turns
 58529 | Depths:4 | Killed a caustic shrike
 58529 | Depths:4 | Received a gift from Trog
 58530 | Depths:4 | Paralysed by a floating eye for 3 turns
 58536 | Depths:4 | Paralysed by a floating eye for 3 turns
 58543 | Depths:4 | Killed a caustic shrike
 58544 | Depths:4 | Paralysed by a floating eye for 4 turns
 58858 | Depths:4 | Paralysed by a floating eye for 4 turns
 59114 | Depths:3 | Found a white marble altar of Elyvilon.
 59131 | Depths:3 | Identified the +2 hand axe of the Abyss {spect, rC- Dex+3
                  | SInv}
 59461 | Depths:4 | Reached XP level 25. HP: 150/181 MP: 17/23
 60155 | Depths:4 | Found a runed translucent door.
 60155 | Depths:4 | Found a runed translucent door.
 60155 | Depths:4 | Found a runed translucent door.
 60160 | Depths:4 | Identified the ring of the Eagle {Ice rN+ Will- Str+2}
 60160 | Depths:4 | Noticed Josephina
 60192 | Depths:4 | Killed Josephina
 60267 | Depths:4 | Found a gate to the Realm of Zot.
 60462 | Depths:4 | Found a runed translucent door.
 60466 | Depths:4 | Found a runed translucent door.
 60466 | Depths:4 | Found a runed translucent door.
 61150 | Vaults:5 | Entered Level 5 of the Vaults
 61182 | Vaults:5 | Received a gift from Trog
 61216 | Vaults:5 | Noticed Frederick
 61865 | Vaults:5 | Noticed a dread lich
 61877 | Vaults:5 | Killed a dread lich
 61948 | Vaults:5 | Noticed a dread lich
 61949 | Vaults:5 | Identified the +0 long sword of the Singing Sybil {distort,
                  | Str+3 Int+2}
 62695 | Vaults:5 | Killed a dread lich
 62695 | Vaults:5 | Received a gift from Trog
 62696 | Vaults:5 | Reached skill level 26 in Fighting
 62848 | Vaults:5 | Reached XP level 26. HP: 190/190 MP: 18/23
 62897 | Vaults:5 | Killed Frederick
 63034 | Vaults:5 | Identified the +1 spear of Trauma {drain, rElec}
 63034 | Vaults:5 | Identified the +3 leather armour of the Lost Planets {Str+3
                  | Int+5}
 63045 | Vaults:5 | HP: 4/190 [tengu reaver/bolt of cold (21)]
 63047 | Vaults:5 | Noticed a dread lich
 63445 | Vaults:5 | Killed a dread lich
 64041 | Vaults:5 | Found Ibry's Distillery.
 64057 | Vaults:5 | Bought a potion of heal wounds for 110 gold pieces
 64057 | Vaults:5 | Bought a potion of haste for 220 gold pieces
 64355 | Vaults:5 | Found Fuenog's Distillery.
 64362 | Vaults:5 | Bought a potion of haste for 200 gold pieces
 64362 | Vaults:5 | Bought a potion of heal wounds for 100 gold pieces
 64362 | Vaults:5 | Bought a potion of heal wounds for 100 gold pieces
 64362 | Vaults:5 | Bought a potion of haste for 200 gold pieces
 64523 | Vaults:5 | Found Kidoajoh's Antique Armour Boutique.
 64525 | Vaults:5 | Found Lysturgh's Distillery.
 64533 | Vaults:5 | Bought a potion of heal wounds for 80 gold pieces
 64533 | Vaults:5 | Bought a potion of resistance for 160 gold pieces
 64533 | Vaults:5 | Bought a potion of resistance for 160 gold pieces
 64560 | Vaults:5 | Got a silver rune of Zot
 64803 | Vaults:5 | Found Deupiety's Distillery.
 64808 | Vaults:5 | Bought 2 potions of heal wounds for 190 gold pieces
 65180 | Slime:1  | Entered Level 1 of the Pits of Slime
 65304 | Slime:3  | You are sucked into a shaft and drop 1 floor!
 65419 | Slime:5  | Entered Level 5 of the Pits of Slime
 65512 | Slime:4  | Received a gift from Trog
 65514 | Slime:5  | Noticed the Royal Jelly
 65653 | Slime:5  | Gained mutation: You are clumsy. (Dex -2) [a shining eye]
 65837 | Slime:5  | Gained mutation: You occasionally lose the ability to read
                  | scrolls when taking damage. [a shining eye]
 65839 | Slime:5  | Gained mutation: You have hidden genetic defects. [a
                  | shining eye]
 66496 | Slime:5  | Found a viscous altar of Jiyva.
 66519 | Slime:5  | Gained mutation: You occasionally shout uncontrollably at
                  | your foes. [a shining eye]
 66521 | Slime:5  | Gained mutation: You frequently scream uncontrollably at
                  | your foes. [a shining eye]
 66523 | Slime:5  | Gained mutation: Your body sometimes deteriorates upon
                  | taking damage. [a shining eye]
 66942 | Slime:5  | Killed the Royal Jelly
 66987 | Slime:5  | Identified the +3 great sword of Ignis's Favour {drain,
                  | Fragile rElec rPois rC++}
 67024 | Slime:5  | Identified the +0 ring mail of Elyvilon's Grace {+Blink
                  | +Inv rN+++ MP-9}
 67047 | Slime:5  | Got a slimy rune of Zot
 67055 | Slime:5  | Identified the ring of Wiufessicw {rC+ Will+ Dex+4}
 67074 | Slime:5  | Identified the +1 leather armour "Mecegurph" {rCorr Int+3}
 67123 | Slime:5  | Identified the +1 robe of the Sun {rF+ Str+4 Dex-3 SInv}
 67299 | Slime:3  | Gained mutation: You are very clumsy. (Dex -4) [a shining
                  | eye]
 67344 | Slime:1  | Gained mutation: You sometimes lose the ability to read
                  | scrolls when taking damage. [hidden defects]
 67525 | Lair:5   | Lost mutation: You sometimes lose the ability to read
                  | scrolls when taking damage. [potion of mutation]
 67525 | Lair:5   | Lost mutation: You are very clumsy. (Dex -4) [potion of
                  | mutation]
 67525 | Lair:5   | Lost mutation: You are clumsy. (Dex -2) [potion of
                  | mutation]
 67526 | Lair:5   | Lost mutation: You occasionally lose the ability to read
                  | scrolls when taking damage. [potion of mutation]
 67526 | Lair:5   | Lost mutation: You frequently scream uncontrollably at your
                  | foes. [potion of mutation]
 67526 | Lair:5   | Gained mutation: You are frail. (-10% HP) [potion of
                  | mutation]
 67526 | Lair:5   | Lost mutation: You are frail. (-10% HP) [potion of
                  | mutation]
 67527 | Lair:5   | Lost mutation: You have hidden genetic defects. [potion of
                  | mutation]
 67527 | Lair:5   | Lost mutation: Your body sometimes deteriorates upon taking
                  | damage. [potion of mutation]
 67527 | Lair:5   | Gained mutation: You have an increased reservoir of magic.
                  | (+10% MP) [potion of mutation]
 67527 | Lair:5   | Gained mutation: Your mind is acute. (Int +4, Str/Dex -1)
                  | [potion of mutation]
 67527 | Lair:5   | Gained mutation: You have a pair of small horns on your
                  | head. [potion of mutation]
 67530 | Lair:5   | Lost mutation: You have a pair of small horns on your head.
                  | [potion of mutation]
 67530 | Lair:5   | Lost mutation: Your mind is acute. (Int +4, Str/Dex -1)
                  | [potion of mutation]
 67530 | Lair:5   | Lost mutation: You have an increased reservoir of magic.
                  | (+10% MP) [potion of mutation]
 67530 | Lair:5   | Gained mutation: You passively dampen the noise of your
                  | surroundings. [potion of mutation]
 67530 | Lair:5   | Lost mutation: You occasionally shout uncontrollably at
                  | your foes. [potion of mutation]
 67530 | Lair:5   | Gained mutation: You have a somewhat thin skeletal
                  | structure. (Dex +2, Stealth+) [potion of mutation]
 67719 | Temple   | Fell from the grace of Trog
 67719 | Temple   | Became a worshipper of the Shining One
 68031 | Crypt:1  | Entered Level 1 of the Crypt
 68084 | Crypt:1  | Reached * piety under the Shining One
 68298 | Crypt:1  | Identified the +8 spear of the Inferno {heavy, *Noise Fly
                  | Str+3}
 68336 | Crypt:1  | Noticed Margery
 68366 | Crypt:1  | Reached ** piety under the Shining One
 68376 | Crypt:1  | Killed Margery
 68963 | Crypt:2  | Reached *** piety under the Shining One
 69307 | Crypt:2  | Reached skill level 1 in Invocations
 69357 | Crypt:2  | Reached **** piety under the Shining One
 69491 | Crypt:2  | Noticed Jory
 69501 | Crypt:2  | Killed Jory
 69502 | Crypt:2  | Paralysed by a vampire knight for 2 turns
 69692 | Crypt:2  | Reached ***** piety under the Shining One
 69736 | Crypt:2  | Reached XP level 27. HP: 197/197 MP: 5/25
 70185 | Crypt:3  | Entered Level 3 of the Crypt
 70424 | Crypt:3  | Reached ****** piety under the Shining One
 70474 | Crypt:3  | Paralysed by a vampire knight for 2 turns
 70642 | Crypt:3  | Identified a +9 broad axe of holy wrath (a +8 broad axe of
                  | flaming blessed by the Shining One)
 70642 | Crypt:3  | Received a gift from the Shining One
 70830 | Crypt:3  | Reached skill level 5 in Invocations
 70896 | Crypt:3  | Found a staircase to the Tomb.
 71018 | Crypt:3  | Reached skill level 27 in Fighting
 71338 | Crypt:3  | Found an ancient bone altar of Kikubaaqudgha.
 71392 | Crypt:3  | Noticed a royal mummy
 71410 | Crypt:3  | Killed a royal mummy
 71475 | Crypt:3  | Paralysed by Trog for 7 turns
 71515 | Crypt:3  | Identified the staff of death "Fumual" {rPois rC- rN+ Str+2
                  | Dex+2}
 71518 | Crypt:3  | Identified the +1 shortbow "Senwiclo" {drain, rC- Will+
                  | rCorr Dex+4}
 71973 | Crypt:3  | Got Sif Muna's Almanac of Burning
 72531 | Zot:1    | Entered Level 1 of the Realm of Zot
 72975 | Zot:1    | Reached skill level 10 in Invocations
 74074 | Zot:1    | Identified the +0 cloak of Mezcal {*Slow rElec rPois}
 76376 | Zot:2    | Reached skill level 15 in Invocations
 76804 | Zot:2    | Found the +4 dragonskin cloak
 76804 | Zot:2    | Noticed Tiamat
 77060 | Zot:2    | Noticed Grunn
 77354 | Zot:2    | Killed Grunn
 77684 | Zot:3    | Noticed an orb of fire
 77686 | Zot:3    | Gained mutation: You are weak. (Str -2) [an orb of fire]
 77691 | Zot:3    | Gained mutation: You are very weak. (Str -4) [an orb of
                  | fire]
 77693 | Zot:3    | Killed an orb of fire
 78009 | Zot:3    | Identified the staff of air "Bugamam" {rElec rC+++ rN++
                  | Will- Int-3}
 78267 | Zot:2    | Killed Tiamat
 80811 | Zot:5    | Entered Level 5 of the Realm of Zot
 81463 | Zot:5    | Noticed an ancient lich
 81463 | Zot:5    | Noticed an ancient lich
 81482 | Zot:5    | Killed an ancient lich
 81488 | Zot:5    | Killed an ancient lich
 81720 | Zot:5    | Noticed an orb of fire
 81780 | Zot:5    | Noticed an orb of fire
 81792 | Zot:5    | Killed an orb of fire
 81797 | Zot:5    | Noticed an orb of fire
 81799 | Zot:5    | Gained mutation: You occasionally shout uncontrollably at
                  | your foes. [an orb of fire]
 81801 | Zot:5    | Gained mutation: You are agile. (Dex +4, Str/Int -1) [an
                  | orb of fire]
 81812 | Zot:5    | Killed an orb of fire
 82189 | Zot:5    | Killed an orb of fire
 82346 | Zot:5    | Noticed an orb of fire
 82436 | Zot:5    | Gained mutation: You frequently scream uncontrollably at
                  | your foes. [an orb of fire]
 82441 | Zot:5    | Gained mutation: Your magical capacity is low. (-10% MP)
                  | [an orb of fire]
 82444 | Zot:5    | Lost mutation: You are agile. (Dex +4, Str/Int -1) [an orb
                  | of fire]
 82451 | Zot:5    | Killed an orb of fire
 82711 | Zot:5    | Slain by a stone giant

Illustrated notes

Levels and vault maps discovered:
D:1:      dpeg_arrival_short_road, layout_basic, minmay_bisected
D:2:      layout_loops_ring, minmay_quantized
D:3:      layout_basic, mainiacjoe_overflow_alcove_1,
          cheibrodos_sewer_entry_drain
D:4:      layout_loops_ring
D:5:      layout_rooms, lemuel_tele_altar
D:6:      layout_basic, minmay_misc_feat_columns, uniq_crazy_yiuf_cottage
D:7:      layout_basic, overflow_temple_1_default, grunt_dithmenos_smoke,
          temple_green
D:8:      layout_rooms, mainiacjoe_overflow_concentric_impassable,
          mainiacjoe_overflow_cross_hatched, nicolae_overflow_hidden_temple,
          serial_shops, shop, shop, shop, shop, grunt_decor_arrowhead,
          palyth_stone_intersect, minmay_hollow_rounded_squares,
          uniq_prince_ribbit1
D:9:      layout_basic, kiku_gazebo_garden_becter, david_orc_4,
          minmay_fractal_squares_5, uniq_psyche, uniq_erolcha
D:10:     minmay_flawed_box, layout_loops_corners, uniq_joseph
D:11:     minmay_wavy_crystal, layout_stronghold, dpeg_lair_monsters,
          gammafunk_ghost_wrathful_warriors
D:12:     layout_loops_ring, minmay_bent
D:13:     layout_basic, david_vaults_3, gammafunk_ghost_berserking_beasts,
          uniq_nessos
D:14:     layout_basic, chequers_serial_rivers_micro_a,
          nicolae_trove_entry_crossroad, grunt_ministairs_7, uniq_jorgrun
D:15:     gammafunk_depths_entry_grave, layout_long_grid, grunt_decor_fettered
Temple:   compressed_dpeg_triangle_lava_temple
Lair:1:   beast_lair_carwin_large_4, layout_chaotic_city,
          nicolae_volcano_entry_lava_flow, disabler_island
Lair:2:   layout_big_grid, gammafunk_ghost_arena
Lair:3:   layout_roguey, palyth_hydra_swamp_entry, dummy_snake_entry,
          infiniplex_staircase_pool, lemuel_fruit_fields
Lair:4:   layout_roguey, uniq_urug
Lair:5:   evilmike_catoblepas_cave, layout_gridlike,
          minmay_slime_entry_jelly_boxes, gammafunk_ghost_grave
Swamp:1:  layout_basic_swamp, evilmike_swamp_ruin_house_4
Swamp:2:  layout_basic_swamp, gammafunk_ghost_necromancy,
          evilmike_swamp_ruin_house_2, swamp_pool4
Swamp:3:  layout_falls_marsh, nicolae_swamp_fairy_circle
Swamp:4:  swamp_alternative, layout_basic_swamp, ebering_ghost_reflecting_pool,
          infiniplex_staircase_pool_2
Snake:1:  layout_grid_maze, ebering_ghost_inner_flame, serial_shops,
          nicolae_shop_tiny_waterfront, nicolae_shop_tiny_real_fake_doors,
          st_stairs_2
Snake:2:  layout_cave_town, uniq_aizul, uniq_frances, uniq_kirke
Snake:3:  nicolae_snake_hallway, layout_cave_town
Snake:4:  grunt_snake_rune_serpentine_throne, layout_misc_corridors,
          hellmonk_ghost_happy_afterlife, grunt_megastairs_3
Slime:1:  layout_caves, cheibrodos_slime_lost_civilization_4
Slime:2:  layout_caves
Slime:3:  layout_caves
Slime:4:  layout_caves
Slime:5
Orc:1:    layout_caves
Orc:2:    st_orc_ogre_mass, layout_diamond_mine, mines1_david
Elf:1:    eino_elf_arrival_sip, layout_loops_cross, ebering_ghost_gozag,
          serial_shops, shop, shop, kennysheep_underground_church, minivault_14,
          lemuel_upstairs_altar, uniq_nikola
Elf:2:    nicolae_elf_blades_splatter_lattice [mumra_blade_entry_bloodbath],
          layout_loops_cross
Vaults:1: ontoclasm_vaults_eye, nicolae_vaults_double_plus_2,
          nicolae_vaults_circle_grid_b, nicolae_vaults_two_Ls,
          nicolae_vaults_c_with_doors, v_misc_33,
          hangedman_vaults_corner_blocks, v_misc_9, grunt_vaults_focal,
          hangedman_vaults_trim, nicolae_vaults_door_testing_chamber,
          nicolae_vaults_angled_halls, v_misc_32,
          nicolae_vaults_trapezoid_lopsided_2, vaults_room_pool,
          nicolae_vaults_trapezoid_layered, nicolae_vaults_shelves_hall,
          layout_vaults_omnicross, serial_shops, nicolae_shop_back_alley_shop,
          shop, nicolae_shop_peninsula, nicolae_shop_drivethru, shop,
          uniq_saint_roka, uniq_zenata
Vaults:2: grunt_vaults_trifunnel, vaults_mumra_minichess_inversion, v_rooms_6,
          nicolae_vaults_alarming, ontoclasm_vaults_hangar,
          nicolae_vaults_security_offices_1,
          nicolae_vaults_trapezoid_lopsided_4, nicolae_vaults_two_Ls,
          layout_vaults_quadrants, serial_glass, uniq_mara
Vaults:3: vaults_standard_mumra_x, nicolae_vaults_turnstiles, v_misc_30,
          v_alt_pattern_5, minmay_crypt_entry_nasty_monster,
          hangedman_vaults_pinch, st_quartered_hall, v_misc_22,
          ontoclasm_vaults_gateway, v_misc_27, vaults_dpeg_ring,
          layout_vaults_maze_snakey, serial_shops, nicolae_shop_back_alley_shop
Vaults:4: nicolae_vaults_lightning_bolt, nicolae_vaults_wine_cellar,
          hangedman_vaults_nails, v_alt_pattern_3, hangedman_vaults_slither,
          v_misc_29, nicolae_vaults_little_squares_6,
          ontoclasm_vaults_ring_small, layout_vaults_chaotic_city, uniq_mennas
Vaults:5: serial_shops, uniq_frederick
Crypt:1:  layout_misc_corridors, skrybe_necro_troll_1, uniq_margery
Crypt:2:  layout_chaotic_city, grunt_megastairs_2, uniq_jory
Crypt:3:  church_of_pain_bobbens, layout_chaotic_city
Depths:1: layout_cave_pools, fedhas_altar_3, grunt_metal_band, serial_shops,
          shop, grunt_ministairs_6, st_stairs_6, lemuel_flamethrower_2
Depths:2: hourglass_vault, layout_twisted_cross, rand_demon_pan_entry_8,
          amcnicky_mini_rare_corridor_liquid, hangedman_coc_ice_floe,
          nicolae_sif_muna_little_library, infiniplex_staircase_trident
Depths:3: pf_snail_temple, layout_gridlike, enter_ziggurat_b, abyss_entry,
          ebering_ghost_disaster_area, hex_tiny, pf_vacation_house_of_asmodeus,
          elyvilon_altar_1
Depths:4: evilmike_zot_entry_castle, layout_basic, hell_entry,
          nicolae_qazlal_scattered_showers, abyss_entry, uniq_josephina
Zot:1:    kennysheep_room_grid, layout_basic
Zot:2:    layout_cathedral_of_symmetry, zot_minivault_1, uniq_tiamat, uniq_grunn
Zot:3:    layout_onion, st_large_dragon_hoard_1
Zot:4:    layout_basic, grunt_megastairs_5
Zot:5:    layout_onion

Skill      XL: |  1  2  3  4  5  6  7  8  9 10 11 12 13 14 15 16 17 18 19 20 21 22 23 24 25 26 27 |
---------------+----------------------------------------------------------------------------------+-----
Axes           | 3 4 5 6 7 8 9 11 13 14 15 16 18 19 20 21 22 23 24 | 24.7
Fighting       | 5 8 10 11 12 13 15 17 18 20 21 22 23 24 25 26 27 | 27.0
Shields        | 3 5 6 9 11 12 14 15 17 18 19 20 | 20.0
Armour         | 4 6 9 11 13 16 17 18 19 20 21 22 23 24 25 | 25.3
Invocations    | 2 22 | 22.3
Dodging        | 4 |  4.6

Action                     |  1- 3 |  4- 6 |  7- 9 | 10-12 | 13-15 | 16-18 | 19-21 | 22-24 | 25-27 || total
---------------------------+-------+-------+-------+-------+-------+-------+-------+-------+-------++-------
  Melee: Hand axe          |   120 |    49 |   255 |   354 |       |       |       |       |       ||   778
         Punch             |     1 |       |     6 |     3 |       |       |       |       |       ||    10
         Spear             |       |    91 |    22 |       |       |       |       |       |       ||   113
         Broad axe         |       |       |       |   136 |   620 |   921 |   811 |  1480 |  2304 ||  6272
  Throw: Dart              |       |       |       |     4 |     6 |       |     6 |     9 |       ||    25
 Invoke: Berserk           |       |       |       |     2 |     1 |     2 |     3 |     1 |       ||     9
         Trog's Hand       |       |       |       |       |     5 |     2 |     2 |     3 |     7 ||    19
         Brothers in Arms  |       |       |       |       |     4 |     5 |     3 |     7 |     3 ||    22
         Summon Divine War |       |       |       |       |       |       |       |       |     2 ||     2
         Cleansing Flame   |       |       |       |       |       |       |       |       |     1 ||     1
         Brand Weapon With |       |       |       |       |       |       |       |       |     1 ||     1
  Evoke: Wand              |       |       |       |       |       |     2 |       |     1 |     4 ||     7
         Phantom mirror    |       |       |       |       |       |       |       |       |     2 ||     2
    Use: Scroll            |     6 |     1 |    15 |       |     6 |    18 |     4 |     7 |    17 ||    74
         Potion            |       |       |       |       |     4 |     2 |     8 |    10 |    28 ||    52
   Stab: Distracted        |       |       |       |     1 |     1 |     1 |       |     1 |       ||     4
         Confused          |       |       |       |       |     1 |       |       |       |       ||     1
 Armour: Animal skin       |    27 |       |       |       |       |       |       |       |       ||    27
         Ring mail         |    19 |    44 |    40 |       |       |       |       |       |       ||   103
         Chain mail        |       |       |    77 |    89 |       |       |       |       |       ||   166
         Plate armour      |       |       |       |   144 |   460 |   684 |   425 |   583 |       ||  2296
         Gold dragon scale |       |       |       |       |       |       |       |   199 |  1266 ||  1465
  Dodge: Dodged            |    73 |    58 |    92 |   118 |   232 |   254 |   155 |   205 |   345 ||  1532
  Block: Buckler           |       |       |       |    29 |   108 |    36 |       |       |       ||   173
         Kite shield       |       |       |       |       |       |   415 |   213 |       |       ||   628
         Reflection        |       |       |       |       |       |    17 |    51 |    46 |    95 ||   209
         Tower shield      |       |       |       |       |       |       |   275 |  1499 |  2341 ||  4115
